 Dungeon Crawl Stone Soup version 0.28-a0-1080-g05a166d0ed (webtiles) character file.

Game seed: 13412553133620840990

19 ytrimaz the Insei (level 2, -1/18 HPs)
             Began as an Octopode Transmuter on Dec 9, 2021.
             Was a Follower of the Shining One.
             Slain by an orc (7 damage)
             ... on level 2 of the Dungeon.
             The game lasted 00:01:06 (900 turns).

ytrimaz the Insei (Octopode Transmuter)              Turns: 900, Time: 00:01:07

Health: -1/18      AC:  1    Str:  9    XL:     2   Next: 75%
Magic:  5/5        EV: 13    Int: 15    God:    the Shining One [*.....]
Gold:   34         SH:  0    Dex: 12    Spells: 4/5 levels left

rFire   + . .      SeeInvis .     - Unarmed
rCold   . . .      Faith    .   (no shield)
rNeg    . . .      Spirit   .   (helmet restricted)
rPois   +          Reflect  .   (no amulet)
rElec   .          Harm     .   b - ring "Odauxiu" {+Blink rPois rF+}
rCorr   .          Rampage  .   (no ring)
Will    .....                   (no ring)
Stlth   +.........              (no ring)
HPRegen 0.06/turn               (no ring)
MPRegen 0.09/turn               (no ring)
                                (no ring)
                                (no ring)

@: mighty, glowing
A: almost no armour, amphibious, 8 rings, camouflage 1, gelatinous body 1,
(nimble swimmer 1), tentacles
a: Renounce Religion, Evoke Blink, Divine Shield


You were on level 2 of the Dungeon.
You worshipped the Shining One.
The Shining One was aware of your devotion.
You visited 1 branch of the dungeon, and saw 2 of its levels.

You collected 34 gold pieces.

Inventory:

Jewellery
 b - the ring "Odauxiu" (left tentacle) {+Blink rPois rF+}
   (You acquired it on level 1 of the Dungeon)

   [ring of protection from fire]

   rF:        It protects you from fire.
   rPois:     It protects you from poison.
   +Blink:    It lets you blink.
Potions
 c - a potion of ambrosia {unknown}
 d - a potion of invisibility {unknown}
 f - a potion of curing {unknown}


   Skills:
 * Level 1.5 Fighting
 - Level 2.0 Dodging
 + Level 3.4 Unarmed Combat
 * Level 2.2 Spellcasting
 * Level 2.2 Transmutations


You had 4 spell levels left.
You knew the following spells:

 Your Spells              Type           Power      Damage    Failure   Level
a - Beastly Appendage     Tmut           16%        N/A       9%          1

Your spell library contained the following spells:

 Spells                   Type           Power      Damage    Failure   Level
 Wereblood                Tmut           8%         N/A       13%         2
 Spider Form              Tmut/Pois      4%         N/A       38%         3
 Ice Form                 Ice/Tmut       4%         N/A       80%         4


Dungeon Overview and Level Annotations

Branches:
Dungeon (2/15)

Altars:
The Shining One


Innate Abilities, Weirdness & Mutations

You cannot wear most types of armour.
You are amphibious.
You can wear up to eight rings at the same time.
Your skin changes colour to match your surroundings (Stealth+).
Your rubbery body absorbs attacks. (AC +1, EV +1)
((You are camouflaged near water. (Stealth+)))
You have tentacles for arms and can constrict up to eight enemies at once.


Message History

Unknown command.
Unknown command.
Casting: Beastly Appendage (safe; 9% risk of failure)
Confirm with . or Enter, or press ? or * to list all spells.
Okay, then.
A ball python comes into view.
The orc priest shouts!
The ball python moves out of view.
The ball python hisses angrily.
The ball python bites you. The ball python barely misses you.
Casting: Beastly Appendage (safe; 9% risk of failure)
Confirm with . or Enter, or press ? or * to list all spells.
Okay, then.
You closely miss the ball python. You grab the ball python.
You squeeze the ball python.
You kill the ball python!
The orc priest begins to cast a cantrip, but forgets the words!
A bat comes into view.
The bat moves out of view.
You see here a ball python corpse.
Unknown command.
The orc wizard casts a spell.
The orc wizard flickers and vanishes!
Deactivating autopickup; reactivate with Ctrl-A.
The bat hits you. The bat misses you.
A hobgoblin comes into view.
The hobgoblin shouts!
The bat hits you but does no damage.
You barely miss the hobgoblin. Your grab misses the hobgoblin.
The bat closely misses you. The orc misses you.
The hobgoblin closely misses you.
Unknown command.
The bat hits you. The hobgoblin hits you. The hobgoblin closely misses you.
The hobgoblin misses you.
Unknown command.
It was a potion of might.
You feel very mighty all of a sudden.
The orc hits you with a +1 vorpal war axe!
You die...

..8...8..#o##......#
#........#†#........
..
########.#.o........
.# ....##o........
.# ##.####.........
. #.... #......... #
#.... #.........
#####.
###....###.o......
......
.......@og........
.#####.
#......##b........
....... ..#....
#......... .######
#.... #......... .#
##### #......... ##
#.........
##.###+### #.# .#


You could see 2 orcs, a hobgoblin and a bat.

Vanquished Creatures
  A dart slug (D:1)
  A giant cockroach (D:1)
  2 goblins (D:1)
  4 jackals (D:1)
  A kobold (D:1)
  A quokka (D:1)
  4 ball pythons
  A frilled lizard (D:1)
  2 rats (D:1)
17 creatures vanquished.

Notes
Turn   | Place    | Note
-------+----------+-------------------------------------------
     0 | D:1      | ytrimaz the Octopode Transmuter began the quest for the
                  | Orb.
     0 | D:1      | Reached XP level 1. HP: 13/13 MP: 3/3
   147 | D:1      | Reached XP level 2. HP: 16/18 MP: 5/5
   419 | D:1      | Identified a scroll of acquirement
   419 | D:1      | Acquired the ring "Odauxiu" {+Blink rPois rF+}
   590 | D:1      | Found a faded altar of an unknown god.
   600 | D:1      | Prayed at the altar of an unknown god.
   600 | D:1      | Became a worshipper of the Shining One
   600 | D:1      | Reached * piety under the Shining One
   900 | D:2      | Slain by an orc

Illustrated notes

Levels and vault maps discovered:
D:1:      evilmike_arrival_plus, layout_basic, nicolae_ecumenical_snake_handling
D:2:      cheibrodos_pilgrimage, layout_rooms, basic_altar,
          chequers_serial_rivers_room_b

Action                   || total
-------------------------++-------
Melee: Unarmed           ||    36
       Constrict         ||     9
       Tentacles         ||     5
       Punch             ||     1
 Abil: Evoke Blink       ||     1
  Use: Scroll            ||     2
       Potion            ||     1
 Stab: Sleeping          ||     2
Armor: Skin              ||     2
Dodge: Dodged            ||    31

Table legend: (Time is in decaauts)
 A = Elapsed time spent in this place.
 B = Non-inter-level travel time spent in this place.
 C = Inter-level travel time spent in this place.
 D = Time resting spent in this place.
 E = Time spent auto-exploring this place.
 F = Levels seen in this place.
 G = Mean time per level.
                   A        B        C        D        E       F      G
               +--------+--------+--------+--------+--------+-----+--------+
         Total |    897 |    886 |     11 |      0 |    764 |   2 |  448.5 |
       Dungeon |    897 |    886 |     11 |      0 |    764 |   2 |  448.5 |
               +--------+--------+--------+--------+--------+-----+--------+

Top non-repeatable levels by time:
     D:1: 875 daAuts
     D:2: 21 daAuts
